 Dungeon Crawl Stone Soup version 0.30-a0-939-gc8157cb160 (webtiles) character file.

Game seed: 11060083988878870871

137 2tousent the Grave Robber (level 5, -20/38 HPs)
             Began as a Demonspawn Necromancer on Mar 25, 2023.
             Was an Initiate of Cheibriados.
             Demolished by a komodo dragon (22 damage)
             ... on level 6 of the Dungeon.
             The game lasted 00:03:21 (2864 turns).

2tousent the Grave Robber (Demonspawn Necromancer)  Turns: 2864, Time: 00:03:22

Health: -20/38     AC:  2    Str:  7 (9)  XL:     5   Next: 0%
Magic:  2/9        EV: 12    Int: 18 (20) God:    Cheibriados [......]
Gold:   156        SH:  0    Dex: 12 (14) Spells: 5/9 levels left

rFire   . . .      SeeInvis .    (no weapon)
rCold   . . .      Faith    .    (no shield)
rNeg    . . .      Spirit   .    a - +0 robe
rPois   .          Reflect  .    (no helmet)
rElec   .          Rampage  .    (no cloak)
rCorr   .                        (no gloves)
Will    .....                    (no boots)
Stlth   ++                       (no amulet)
HPRegen 0.26/turn                (no ring)
MPRegen 0.11/turn                (no ring)

@: very slow
A: claws 1, ignite blood 1, sturdy frame 1
a: Renounce Religion


You were on level 6 of the Dungeon.
You worshipped Cheibriados.
Cheibriados was noncommittal.
You visited 1 branch of the dungeon, and saw 4 of its levels.

You collected 156 gold pieces.

Inventory:

Armour
 a - a +0 robe (worn)
 q - a +0 pair of gloves
 r - a +0 ring mail
Jewellery
 m - a ring of magical power
Scrolls
 d - a scroll of immolation {unknown}
 e - a scroll of butterflies {unknown}
 f - a scroll of amnesia {unknown}
 i - 2 scrolls of poison {unknown}
 j - a scroll of blinking {unknown}
 n - 2 scrolls of fog {unknown}
 p - a scroll of torment {unknown}
Potions
 b - a potion of magic
 c - a potion of degeneration
 g - a potion of flight {unknown}
 h - a potion of curing {unknown}
 k - a potion of attraction {unknown}
 l - a potion of invisibility {unknown}
 o - a potion of might {unknown}


   Skills:
 + Level 2.0 Fighting
 + Level 2.5 Dodging
 - Level 1.7 Stealth
 + Level 2.7 Spellcasting
 * Level 5.5 Necromancy


You had 5 spell levels left.
You knew the following spells:

 Your Spells              Type           Power      Damage    Failure   Level
a - Necrotise             Necr           88%        1d8       1%          1
b - Vampiric Draining     Necr           22%        2d7       5%          3

Your spell library contained the following spells:

 Spells                   Type           Power      Damage    Failure   Level
 Apportation              Tloc           4%         N/A       17%         1
 Summon Small Mammal      Summ           8%         N/A       17%         1
 Animate Dead             Necr           22%        N/A       17%         4
 Agony                    Necr           22%        N/A       43%         5
 Manifold Assault         Tloc           2%         N/A       86%         4
 Dispersal                Tloc           1%         N/A       100%        6
 Disjunction              Tloc           1%         N/A       100%        8


Dungeon Overview and Level Annotations

Branches:
Dungeon (3/15)

Altars:
Cheibriados
Fedhas
Kikubaaqudgha
Okawaru
Trog


Innate Abilities, Weirdness & Mutations

You have sharp fingernails.
Your demonic aura sometimes causes spilled blood to erupt in flames.
Your movements are slightly less encumbered by armour. (ER -2)


Message History

A sourceless malevolence fills the Dungeon...
You fall into a shaft and drop 3 floors!
The shaft crumbles and collapses.
Found a ring mail and a pair of gloves.
You see here a +0 ring mail.
You see here a +0 pair of gloves.
q - a +0 pair of gloves A komodo dragon comes into view.
You see here a +0 ring mail.
r - a +0 ring mail The komodo dragon hisses angrily.
The komodo dragon writhes in agony.
The komodo dragon writhes in agony.
The komodo dragon struggles to resist.
The komodo dragon barely misses you.
The komodo dragon writhes in agony.
The komodo dragon bites you!!
Ouch! That really hurt!
* * * LOW HITPOINT WARNING * * *
Unknown command.
Casting: Necrotise (safe; 1% risk of failure)
Confirm with . or Enter, or press ? or * to list all spells.
Aiming: Vampiric Draining (dangerous; 4% risk of failure)
Press: ? - help, Shift-Dir - straight line, f/p - komodo dragon
Aim: a komodo dragon (lightly wounded)
You draw life force from the komodo dragon!
You feel life coursing into your body. The komodo dragon misses you.
Unknown command.
Casting: Vampiric Draining (dangerous; 4% risk of failure)
Confirm with . or Enter, or press ? or * to list all spells.
You don't have enough magic to cast this spell.
Unknown command.
You scratch the komodo dragon.
The komodo dragon is heavily wounded.
The komodo dragon bites you!
* * * LOW HITPOINT WARNING * * *
It was a potion of degeneration.
There was something very wrong with that liquid.
You feel weakened.
You feel dopey.
You feel clumsy. The komodo dragon bites you!!
Ouch! That really hurt!
You die...

.... .... .....
.....#..# .....
....#..# ##...#
#......###...#
#..#........# #..
#......#
#.#..###....°.###...
#.........@........
#............l........
#................+....
.......###.#....## ...
......# .......... .
...... ............
#####.####.#.#.###.#
#. #.#.#.# .#


You could see a komodo dragon.

Vanquished Creatures
  A scorpion (D:2)
  An adder (D:2)
  2 worms (D:3)
  2 dart slugs
  An orc (D:3)
  9 ball pythons (D:1)
  5 bats (D:1)
  An endoplasm (D:3)
  8 giant cockroaches (D:2)
  2 goblins
  A hobgoblin (D:1)
  4 quokkas
  4 frilled lizards
  7 kobolds
  3 rats
51 creatures vanquished.

Vanquished Creatures (collateral kills)
  An endoplasm (D:1)
1 creature vanquished.

Grand Total: 52 creatures vanquished

Notes
Turn   | Place    | Note
-------+----------+-------------------------------------------
     0 | D:1      | 2tousent the Demonspawn Necromancer began the quest for the
                  | Orb.
     0 | D:1      | Reached XP level 1. HP: 13/13 MP: 3/3
   141 | D:1      | Gained mutation: Your movements are slightly less
                  | encumbered by armour. (ER -2) [demonic ancestry]
   141 | D:1      | Reached XP level 2. HP: 20/20 MP: 1/5
   574 | D:1      | Found a faded altar of an unknown god.
   759 | D:1      | Reached skill level 1 in Fighting
   759 | D:1      | Gained mutation: You have sharp fingernails. [demonic
                  | ancestry]
   759 | D:1      | Reached XP level 3. HP: 26/26 MP: 3/6
  1497 | D:2      | Reached skill level 5 in Necromancy
  1996 | D:2      | Learned a level 3 spell: Vampiric Draining
  2207 | D:2      | Noticed a scorpion
  2217 | D:2      | Killed a scorpion
  2218 | D:2      | Reached XP level 4. HP: 30/33 MP: 0/8
  2591 | D:3      | Gained mutation: Your demonic aura sometimes causes spilled
                  | blood to erupt in flames. [demonic ancestry]
  2591 | D:3      | Reached XP level 5. HP: 38/38 MP: 1/9
  2704 | D:3      | Found an iron altar of Okawaru.
  2712 | D:3      | Found a blossoming altar of Fedhas.
  2717 | D:3      | Found a bloodstained altar of Trog.
  2741 | D:3      | Found a snail-covered altar of Cheibriados.
  2748 | D:3      | Found an ancient bone altar of Kikubaaqudgha.
  2754 | D:3      | Became a worshipper of Cheibriados the Contemplative
  2847 | D:3      | You fall into a shaft and drop 3 floors!
  2856 | D:6      | Noticed a komodo dragon
  2864 | D:6      | Demolished by a komodo dragon

Illustrated notes

Levels and vault maps discovered:
D:1:      dpeg_arrival_shrine, layout_loops_corners,
          ebering_ecumenical_altar_box
D:2:      minmay_roachtagon, layout_basic, serial_curves, eino_curves_04,
          eino_curves_04
D:3:      layout_basic, grunt_temple_overflow_octagram
D:6:      layout_basic, nicolae_ru_sacrificial_ziggurat,
          hangedman_decor_growths, uniq_sigmund

Skill      XL: |  1  2  3  4 |
---------------+-------------+-----
Dodging        | 2 |  2.5
Fighting       | 1 2 |  2.0
Necromancy     | 5 |  5.5
Stealth        | |  1.7
Spellcasting   | |  2.7

Action                     |  1- 3 |  4- 6 || total
---------------------------+-------+-------++-------
  Melee: Unarmed           |    15 |     1 ||    16
   Cast: Necrotise         |    75 |    24 ||    99
         Vampiric Draining |       |     1 ||     1
    Use: Potion            |       |     1 ||     1
 Armour: Robe              |    10 |       ||    10
  Dodge: Dodged            |    35 |     2 ||    37

Table legend: (Time is in decaauts)
 A = Elapsed time spent in this place.
 B = Non-inter-level travel time spent in this place.
 C = Inter-level travel time spent in this place.
 D = Time resting spent in this place.
 E = Time spent auto-exploring this place.
 F = Levels seen in this place.
 G = Mean time per level.
                   A        B        C        D        E       F      G
               +--------+--------+--------+--------+--------+-----+--------+
         Total |   2891 |   2837 |     54 |      0 |   2545 |   4 |  722.8 |
       Dungeon |   2891 |   2837 |     54 |      0 |   2545 |   4 |  722.8 |
               +--------+--------+--------+--------+--------+-----+--------+

Top non-repeatable levels by time:
     D:1: 1304 daAuts
     D:2: 1112 daAuts
     D:3: 455 daAuts
     D:6: 19 daAuts
